 Dungeon Crawl Stone Soup version 0.28.0-43-g3370ac3207 (webtiles) character file.

Game seed: 3456482702873206294

781 GloriousHammer the Grappler (level 7, -2/67 HPs)
             Began as a Troll Berserker on Mar 4, 2022.
             Was a Believer of Trog.
             Slain by Grinder (5 damage)
             ... on level 5 of the Dungeon.
             The game lasted 00:08:25 (2970 turns).

GloriousHammer the Grappler (Troll Berserker)       Turns: 2970, Time: 00:08:25

Health: -2/67      AC:  4    Str: 26    XL:     7   Next: 55%
Magic:  6/6        EV: 10    Int:  3    God:    Trog [**....]
Gold:   136        SH:  0    Dex: 11    Spells: 6/6 levels left

rFire   . . .      SeeInvis .     - Unarmed
rCold   . . .      Faith    .   (no shield)
rNeg    . . .      Spirit   .   a - +0 animal skin
rPois   .          Reflect  .   (helmet restricted)
rElec   .          Harm     .   (no cloak)
rCorr   .          Rampage  .   (gloves unavailable)
Will    +++..                   (boots unavailable)
Stlth   +.........              (no amulet)
HPRegen 2.01/turn               j - ring of willpower
MPRegen 0.10/turn               (no ring)

@: strong-willed, on berserk cooldown, regenerating, slowed, very slow
A: large, unfitting armour, claws 3, regeneration 1, shaggy fur 1, tough skin 1
a: Renounce Religion, Berserk, Trog's Hand


You were on level 5 of the Dungeon.
You worshipped Trog.
Trog was pleased with you.
You visited 1 branch of the dungeon, and saw 5 of its levels.

You collected 136 gold pieces.

Inventory:

Missiles
 e - 109 stones (quivered)
 k - a throwing net
 o - 2 javelins
 q - 3 poisoned darts
Armour
 a - a +0 animal skin (worn)
Jewellery
 j - a ring of willpower (left claw)
 m - a ring of fire
Scrolls
 b - a scroll of noise {unknown}
 c - a scroll of magic mapping {unknown}
 g - 6 scrolls of identify {unknown}
 i - a scroll of blinking {unknown}
 l - 2 scrolls of fog {unknown}
 p - a scroll of vulnerability {unknown}
Potions
 d - 2 potions of invisibility {unknown}
 f - a potion of lignification {unknown}
 h - 2 potions of attraction {unknown}
 n - a potion of might {unknown}


   Skills:
 - Level 3.2 Fighting
 - Level 3.2 Dodging
 + Level 8.3 Unarmed Combat


You had 6 spell levels left.
You didn't know any spells.
Your spell library was empty.

Dungeon Overview and Level Annotations

Branches:
Dungeon (5/15)
 Temple: D:4-7

Altars:

Shops:
D:2 [=

Portals:
Ossuary: D:5

Annotations:
D:5 Grinder


Innate Abilities, Weirdness & Mutations

You are too large for most types of armour.
You have claws for hands.
Your natural rate of healing is unusually fast.
You are covered in fur. (AC +1)
You have tough skin. (AC +1)


Message History

You closely miss Dowan.
Dowan is severely wounded.
Dowan closely misses you. The gnoll closely misses you.
You closely miss Dowan. Your claw misses Dowan.
Dowan is heavily wounded.
You are no longer berserk.
You are exhausted.
You feel yourself slow down. Dowan hits you with a +0 dagger.
You completely miss Dowan.
Dowan is heavily wounded.
Dowan hits you with a +0 dagger.
The gnoll hits you from afar with a +0 halberd.
Dowan hits you with a +0 dagger.
The gnoll hits you from afar with a +0 halberd!
* * * LOW HITPOINT WARNING * * *
Your skin crawls.
You feel strong-willed. Dowan hits you with a +0 dagger.
* * * LOW HITPOINT WARNING * * *
The gnoll barely misses you. Grinder closely misses you.
Dowan barely misses you.
You mangle Dowan!!
You kill Dowan!
Trog accepts your kill.
Trog appreciates your killing of a magic user.
The gnoll hits you from afar with a +0 halberd.
* * * LOW HITPOINT WARNING * * *
Grinder hits you!
* * * LOW HITPOINT WARNING * * *
You writhe in agony.
* * * LOW HITPOINT WARNING * * *
Unknown command.
You closely miss Grinder. The gnoll closely misses you. Grinder hits you.
* * * LOW HITPOINT WARNING * * *
The gnoll closely misses you. Grinder barely misses you.
Unknown command.
You claw Grinder!
Grinder is moderately wounded.
The gnoll closely misses you. Grinder hits you.
You die...

#### #### ..... .$....##
.... ... ...# # #..#..#
#..# #.#...#.###..##
....∩.........#
#.....)5# #...# #######
#......@###...###......#
......).)g).....+......+
#...#######..#.##......#
... .....#..#......# .
#####.##.#......#
#.##.†# .# #.###.# ..#
#.###.#...###
#.#<.........


You could see Grinder (resistant) and a gnoll.

Vanquished Creatures
  Duvessa (D:5)
  A necrophage (D:5)
  3 ogres
  A scorpion (D:3)
  Dowan (D:5)
  A jelly (D:5)
  2 iguanas
  A hound skeleton (D:5)
  2 gnolls (D:5)
  5 adders
  A white imp (D:5)
  An adder skeleton (D:4)
  3 dart slugs
  4 orcs
  6 ball pythons
  12 endoplasms
  3 giant cockroaches
  6 goblins
  3 hobgoblins
  2 quokkas (D:3)
  5 bats
  A frilled lizard (D:2)
  6 kobolds
  7 rats
78 creatures vanquished.

Notes
Turn   | Place    | Note
-------+----------+-------------------------------------------
     0 | D:1      | GloriousHammer the Troll Berserker began the quest for the
                  | Orb.
     0 | D:1      | Reached XP level 1. HP: 22/22 MP: 0/0
   284 | D:1      | Reached XP level 2. HP: 29/29 MP: 1/1
   564 | D:2      | Found a faded altar of an unknown god.
   763 | D:2      | Reached ** piety under Trog
   767 | D:2      | Reached XP level 3. HP: 36/36 MP: 2/2
   891 | D:2      | Found Neifus's Jewellery Boutique.
   913 | D:2      | Found Rycu's Antique Armour Emporium.
  1452 | D:3      | Noticed a scorpion
  1460 | D:3      | Killed a scorpion
  1461 | D:3      | Reached XP level 4. HP: 45/45 MP: 3/3
  1618 | D:3      | Reached skill level 4 in Unarmed Combat
  1677 | D:3      | Noticed an ogre
  1690 | D:3      | Killed an ogre
  1691 | D:3      | Reached skill level 5 in Unarmed Combat
  1691 | D:3      | Reached XP level 5. HP: 28/53 MP: 4/4
  2395 | D:4      | Noticed an ogre
  2418 | D:4      | Killed an ogre
  2419 | D:4      | Reached skill level 6 in Unarmed Combat
  2419 | D:4      | Reached XP level 6. HP: 61/61 MP: 5/5
  2888 | D:5      | Entered Level 5 of the Dungeon
  2919 | D:5      | Found a sand-covered staircase.
  2927 | D:5      | Reached skill level 7 in Unarmed Combat
  2932 | D:5      | Reached XP level 7. HP: 67/67 MP: 6/6
  2941 | D:5      | Noticed Duvessa
  2944 | D:5      | Noticed Dowan
  2954 | D:5      | Killed Duvessa
  2954 | D:5      | Noticed Grinder
  2955 | D:5      | Reached skill level 8 in Unarmed Combat
  2968 | D:5      | Killed Dowan
  2969 | D:5      | HP: 1/67 [Grinder (6)]
  2970 | D:5      | Slain by Grinder

Illustrated notes

Levels and vault maps discovered:
D:1:      ncdulo_lavacross, layout_rooms
D:2:      layout_loops_ring, serial_shops, shop, nicolae_shop_trees,
          basic_ecumenical_altar
D:3:      layout_basic, minmay_liquid_box
D:4:      layout_rooms
D:5:      layout_basic, minmay_temple_entry_large_hall,
          nicolae_ossuary_entry_ruins, uniq_crazy_yiuf_cottage, uniq_grinder,
          uniq_duvessa

Skill      XL: |  1  2  3  4  5  6  7 |
---------------+----------------------+-----
Fighting       | 3 |  3.2
Dodging        | 3 |  3.2
Unarmed Combat | 5 6 7 8 |  8.3

Action                   |  1- 3 |  4- 6 |  7- 9 || total
-------------------------+-------+-------+-------++-------
Melee: Unarmed           |    82 |    83 |    27 ||   192
       Punch             |     2 |     2 |     1 ||     5
Throw: Stone             |     2 |    26 |       ||    28
Invok: Berserk           |     1 |     3 |     1 ||     5
       Trog's Hand       |       |       |     1 ||     1
 Stab: Sleeping          |       |     1 |       ||     1
Armor: Animal skin       |    21 |    13 |     1 ||    35
Dodge: Dodged            |    36 |    33 |    15 ||    84
